 Dungeon Crawl Stone Soup version 0.23.0 (webtiles) character file.

Game seed: 15510335651854490413

2234 Laan the Poker (level 9, -3/56 HPs)
             Began as a Gargoyle Fighter on Feb 10, 2019.
             Slain by a yak (8 damage)
             ... on level 7 of the Dungeon.
             The game lasted 00:12:52 (5250 turns).

Laan the Poker (Gargoyle Fighter)                   Turns: 5250, Time: 00:12:52

Health: -3/56      AC: 24    Str: 22    XL:     9   Next: 36%
Magic:  9/9        EV:  6    Int: 10    God:
Gold:   337        SH: 10    Dex:  9    Spells: 8/8 levels left

rFire    . . .     SeeInvis .   a - +0 trident
rCold    . . .     Gourm    .   c - +0 shield
rNeg     + . .     Faith    .   C - +4 chain mail
rPois    ∞         Spirit   .   y - +1 hat
rElec    +         Reflect  .   (no cloak)
rCorr    .         Harm     .   r - +1 pair of gloves
MR       .....                  (no boots)
Stlth    ..........             (no amulet)
HPRegen  0.18/turn              (no ring)
MPRegen  0.11/turn              (no ring)

@: no status effects
A: negative energy resistance 1, electricity resistance, unbreathing,
petrification resistance, rot immunity, AC +6
a: no special abilities


You were on level 7 of the Dungeon.
You were hungry.

You visited 1 branch of the dungeon, and saw 7 of its levels.

You collected 337 gold pieces.

Inventory:

Hand Weapons
 a - a +0 trident (weapon)
Armour
 c - a +0 shield (worn)
 r - a +1 pair of gloves (worn)
 v - a +0 plate armour
 y - a +1 hat (worn)
 C - a +4 chain mail (worn)
Jewellery
 g - an uncursed amulet of the gourmand {unknown}
 z - an uncursed ring of positive energy {unknown}
Scrolls
 e - 3 scrolls of remove curse
 m - 2 scrolls of random uselessness {unknown}
 n - 3 scrolls of fear {unknown}
 o - 3 scrolls of identify {unknown}
 s - 2 scrolls of enchant weapon {unknown}
 u - 5 scrolls of teleportation
 w - 3 scrolls of enchant armour {unknown}
 A - a scroll of vulnerability {unknown}
Potions
 d - 2 potions of might
 h - 3 potions of mutation {unknown}
 i - 3 potions of lignification {unknown}
 j - 5 potions of curing {unknown}
 k - a potion of cancellation {unknown}
 l - 3 potions of berserk rage {unknown}
 p - 3 potions of flight {unknown}
 q - 3 potions of brilliance {unknown}
 t - 2 potions of agility {unknown}
 x - a potion of haste {unknown}
 B - a potion of degeneration {unknown}
Comestibles
 b - 2 chunks of flesh
 f - 13 rations


   Skills:
 + Level 6.7 Fighting
 * Level 7.3 Polearms
 + Level 6.8 Armour
 + Level 6.8 Shields


You had 8 spell levels left.
You didn't know any spells.
Your spell library was empty.

Dungeon Overview and Level Annotations

Branches:
Dungeon (7/15)
 Temple: D:4-7

Altars:
Kikubaaqudgha
Qazlal
Sif Muna
Zin


Innate Abilities, Weirdness & Mutations

You are resistant to torment.
Your stone body is resilient. (AC +6)
You are immune to poison.
You resist negative energy. (rN+)
You are resistant to electric shocks. (rElec)
You can survive without breathing.
You are immune to petrification.
You are immune to rotting.


Message History

You hit the yak but do no damage.
The yak is severely wounded.
The yak gores you but does no damage.
You hit the yak.
The yak is severely wounded.
You block the yak's attack.
You puncture the yak!
The yak is almost dead.
You block the yak's attack.
Your shield and chain mail prevent you from hitting the yak.
The yak is almost dead.
You block the yak's attack.
You barely miss the yak.
The yak is almost dead.
The yak gores you!
* * * LOW HITPOINT WARNING * * *
You hit the yak but do no damage.
The yak is almost dead.
The yak gores you!
You die...

#.##....#.#####
#...)...#.#
#.##÷##.#.#
#...(.....#
#.#.<.#.###
#.#...#.#
####.##.##.#
#....÷.....#
#@###.#.#.##
#Y# ##...##
#######.##
##.##
.........# #.#
###.####.## ###
#.....##..#
..Y....#..#
.......#..#
..._.YY..##


You could see a yak.

Vanquished Creatures
  4 yaks (D:7)
  An orc warrior (D:5)
  An ice beast (D:6)
  2 phantoms
  An ogre (D:4)
  A centaur (D:7)
  5 bullfrogs
  4 scorpions
  3 crimson imps
  3 hounds
  2 orc priests
  2 orc wizards (D:6)
  An iguana (D:5)
  3 worker ants
  A howler monkey skeleton (D:6)
  10 adders
  2 oozes
  An adder zombie (D:5)
  3 worms
  A dart slug (D:1)
  5 leopard geckos
  18 orcs
  7 giant cockroaches
  8 goblins
  5 hobgoblins
  4 jackals
  3 quokkas
  A ball python (D:3)
  11 bats
  4 frilled lizards
  9 kobolds
  A quokka skeleton (D:5)
  5 rats
132 creatures vanquished.

Notes
Turn   | Place    | Note
-------+----------+-------------------------------------------
     0 | D:1      | Laan the Gargoyle Fighter began the quest for the Orb.
     0 | D:1      | Reached XP level 1. HP: 14/14 MP: 1/1
    42 | D:1      | Reached skill level 2 in Polearms
   140 | D:1      | Reached XP level 2. HP: 19/19 MP: 2/2
   575 | D:1      | Reached XP level 3. HP: 23/23 MP: 3/3
   795 | D:2      | Found a stormy altar of Qazlal.
   796 | D:2      | Found a deep blue altar of Sif Muna.
   823 | D:2      | Reached XP level 4. HP: 23/29 MP: 4/4
  1386 | D:3      | Reached skill level 3 in Polearms
  1699 | D:3      | Reached XP level 5. HP: 33/33 MP: 5/5
  2163 | D:4      | Noticed an ogre
  2173 | D:4      | Killed an ogre
  2173 | D:4      | Reached XP level 6. HP: 3/39 MP: 6/6
  2633 | D:4      | Reached skill level 4 in Polearms
  2997 | D:5      | Entered Level 5 of the Dungeon
  3020 | D:5      | Found a glowing silver altar of Zin.
  3108 | D:5      | Noticed a phantom
  3151 | D:5      | Killed a phantom
  3151 | D:5      | Reached XP level 7. HP: 40/44 MP: 7/7
  3472 | D:5      | Reached skill level 5 in Fighting
  3472 | D:5      | Reached skill level 5 in Armour
  3472 | D:5      | Reached skill level 5 in Shields
  3981 | D:6      | Reached skill level 5 in Polearms
  4114 | D:6      | Reached XP level 8. HP: 26/49 MP: 8/8
  4633 | D:6      | Reached skill level 6 in Polearms
  5031 | D:7      | Noticed a red ugly thing
  5137 | D:7      | Reached XP level 9. HP: 49/55 MP: 9/9
  5161 | D:7      | Found an ancient bone altar of Kikubaaqudgha.
  5209 | D:7      | Reached skill level 7 in Polearms
  5250 | D:7      | Slain by a yak

Skill      XL: |  1  2  3  4  5  6  7  8  9 |
---------------+----------------------------+-----
Polearms       | 2 3 4 5 6 7 |  7.3
Shields        | 4 5 6 |  6.8
Armour         | 4 5 6 |  6.8
Fighting       | 4 5 6 |  6.7

Action                   |  1- 3 |  4- 6 |  7- 9 || total
-------------------------+-------+-------+-------++-------
Melee: Trident           |   150 |   227 |   515 ||   892
  Use: Scroll            |     3 |       |       ||     3
  Eat: Chunk             |       |     8 |     7 ||    15
Armor: Scale mail        |    73 |    48 |       ||   121
       Plate armour      |       |    73 |   202 ||   275
       Chain mail        |       |       |    52 ||    52
Dodge: Dodged            |    39 |    46 |    73 ||   158
Block: Shield            |    77 |   113 |   223 ||   413
